[Event "*** Titled Tuesday Blitz"]
[Site "Chess.com"]
[Date "2019.10.01"]
[Round "7"]
[White "ural58"]
[Black "Shubinkirill2003"]
[Result "1/2-1/2"]
[WhiteElo "2396"]
[BlackElo "2519"]
[TimeControl "180+2"]
[EndTime "14:42:54 PDT"]
[Termination "Game drawn by repetition"]

1. Nc3 e6 2. d4 d5 3. Bf4 Nf6 4. Nb5 Na6 5. e3 c6 6. Nc3 Nb8 7. Bd3 a6 8. Nf3 c5 9. O-O Nc6 10. Re1 c4 11. Bf1 b5 12. e4 dxe4 13. Nxe4 Nxe4 14. Rxe4 Ne7 15. Bg5 Bb7 16. Re1 Qd5 17. b3 Ng6 18. bxc4 bxc4 19. Rb1 Bc6 20. Ne5 Bd6 21.
Nxc6 Qxc6 22. d5 Qc7 23. g3 e5 24. Qg4 O-O 25. Qxc4 Qa5 26. Qc6 Bc5 27. Be3 Rfc8 28. Qb7 Bxe3 29. Rxe3 Qxa2 30. d6 Qxc2 31. d7 Rd8 32.
Bd3 Qd2 33. Qd5 Ra7 34. Re2 Qc3 35. Bf5 Nf8 36. Rc2 Qa3 37. Rc8 Qe7 38. Rxd8 Qxd8 39. Rd1 a5 40. Qxe5 a4 41. Qc5 Ra8 42. Qa3 g6 43. Bh3 h5 44. Rd4 Qa5 45. Rxa4 Qe1+ 46.
Kg2 Rd8 47. Rd4 Qe5 48. Qd3 g5 49. Kg1 g4 50. Bg2 Ne6 51. Rd5 Qe1+ 52. Bf1 Qc1 53.
Qd2 Qxd2 54. Rxd2 Kf8 55. Rd5 Ng7 56. Bb5 Ke7 57. Rg5 Kf6 58. Rc5 Nf5 59. Kf1 Nd4 60.
Ba4 Ke7 61. Rxh5 Ra8 62. Bb5 Ra5 63. Re5+ Ne6 64. Rd5 Kd8 65. Bc4 Ra1+ 66. Kg2 Nc7 67.
Rf5 Kxd7 68. Rxf7+ Kd6 69. Rg7 Ra4 70. Be2 Nd5 71.
Rxg4 Ra2 72. Bf3 Ne3+ 73. Kh3 Nxg4 74. Kxg4 Rxf2 75. h4 Ke5 76. Bc6 Kf6 77. Be4 Kg7 78. Kg5 Ra2 79. g4 Ra4 80. Kf4 Ra1 81. g5 Rg1 82. Bf3 Kg6 83. Be4+ Kg7 84. Bf5 Rf1+ 85. Kg4 Rg1+ 86. Kh5 Rf1 87. Be4 Rg1 88. Bf3 Rg3 89.
Be2 Rg1 90. Bd3 Rg3 91. Be4 Rg1 92. Bd5 Rd1 93. Be4 Re1 94. Bf3 Rg1 95. Be4 Rg3 96.
Bd5 Rg1 97. Be4 Rg3 98. Bd5 Rg1 99. Be4 1/2-1/2

[Event "*** Titled Tuesday Blitz"]
[Site "Chess.com"]
[Date "2019.10.01"]
[Round "7"]
[White "raviteja81293"]
[Black "MITerryble"]
[Result "0-1"]
[WhiteElo "2605"]
[BlackElo "2835"]
[TimeControl "180+2"]
[EndTime "14:43:11 PDT"]
[Termination "MITerryble won by checkmate"]

1. d4 e6 2. Nf3 Nf6 3. e3 b6 4.
Bd3 Bb7 5. O-O g6 6. c4 Bg7 7.
Nc3 O-O 8. e4 d6 9. Be3 h6 10.
h3 Nbd7 11. Qd2 g5 12. Bc2 e5 13. Rad1 Nh5 14. d5 Nf4 15. Ne2 Nf6 16. Ng3 Bc8 17. b4 a5 18. a3 axb4 19. axb4 Ra2 20. Ra1 Rxa1 21. Rxa1 Bd7 22. c5 bxc5 23. bxc5 dxc5 24. Nxe5 Re8 25. Nxd7 Nxd7 26. Rb1 Ne5 27. Bxf4 gxf4 28.
Qxf4 Qg5 29. Qxg5 hxg5 30. Nf5 Ra8 31. Rb7 Ra2 32. Ne3 Nc4 33. Bb1 Ra4 34. Rb8+ Bf8 35. Nf5 Nd2 36. Bc2 Ra2 37. Ne3 Kg7 38. e5 Nc4 39.
Bb1 Rb2 40. Nf5+ Kg6 41. Rxb2 Nxb2 42. d6 cxd6 43. exd6 Kf6 44. d7 Be7 45. g3 Bd8 46. h4 gxh4 47. gxh4 Ke6 48. h5 Kxd7 49. Ne3 Bf6 50. Ba2 Ke8 51. Kg2 Nd3 52. Bc4 Nf4+ 53. Kf3 Nxh5 54. Ke4 Bd4 55. Nf5 Nf6+ 56. Kd3 Bxf2 57. Nd6+ Ke7 58. Nxf7 Nd7 59. Nh6 Ne5+ 60.
Kc3 Kf6 61. Ng8+ Kf5 62. Ne7+ Ke4 63. Bd5+ Ke3 64. Nf5+ Kf4 65. Nd6 Be1+ 66. Kb3 Ke3 67. Nb7 Kd4 68. Bg8 c4+ 69. Bxc4 Nxc4 70. Nd8 Kd5 71.
Nf7 Bd2 72. Nh8 Bg5 73. Ng6 Na5+ 74. Kc3 Nc6 75. Nf8 Ne5 76. Kb4 Be7+ 77. Kc3 Bxf8 78.
Kd2 Kd4 79. Ke2 Bh6 80. Kf2 Kd3 81. Kg3 Ke3 82. Kg2 Bf4 83. Kg1 Kf3 84. Kh1 Ng4 85. Kg1 Nf2 86. Kf1 Bh2 87. Ke1 Bf4 88. Kf1 Nd3 89. Kg1 Nc1 90. Kh1 Bg3 91. Kg1 Ne2+ 92. Kh1 Bf2 93. Kh2 Ng3 94. Kh3 Bg1 95. Kh4 Ne4 96.
Kh3 Ng5+ 97. Kh4 Kf4 98. Kh5 Kf5 99. Kh6 Ne6 100. Kh5 Bf2 101. Kh6 Bg3 102. Kh5 Ng7+ 103. Kh6 Kf6 104. Kh7 Kf7 105. Kh8 Bd6 106. Kh7 Nf5 107. Kh8 Bf8 108. Kh7 Nd6 109. Kh8 Ne4 110. Kh7 Nf6+ 111. Kh8 Bg7# 0-1

[Event "*** Titled Tuesday Blitz"]
[Site "Chess.com"]
[Date "2019.10.01"]
[Round "7"]
[White "LazarusChess92"]
[Black "colegiodemadrid"]
[Result "1/2-1/2"]
[WhiteElo "2514"]
[BlackElo "2354"]
[TimeControl "180+2"]
[EndTime "14:44:55 PDT"]
[Termination "Game drawn by repetition"]

1. d4 Nf6 2. c4 g6 3. Nf3 Bg7 4.
Nc3 O-O 5. g3 d6 6. Bg2 Nc6 7.
O-O a6 8. Qd3 Rb8 9. d5 Nb4 10.
Qd2 a5 11. a3 Na6 12. Rb1 c6 13. e4 b5 14. Nd4 cxd5 15. Nc6 Qb6 16. Nxb8 Nxb8 17.
cxd5 Nbd7 18. Qe3 Qb8 19. Bd2 Ne5 20. Qe2 b4 21. axb4 axb4 22. Nd1 Qb6 23. Be3 Qa5 24. Re1 Ba6 25. Qd2 Nc4 26. Qc1 Rc8 27. Ra1 Qb5 28.
Bf1 Nxe4 29. Rxa6 Qxa6 30. b3 Nxe3 31. Qxe3 Qa2 32. Qxe4 Qxb3 33. Qxe7 Qc2 34. Ne3 Qc3 35. Rb1 b3 36. Qe4 b2 37. Qd3 Qb4 38. Kg2 Rc3 39. Qd1 h5 40. h4 Qc5 41. Qd2 Bd4 42. Rxb2 Rc1 43. Rb8+ Kg7 44. Be2 Qa7 45. Rb3 Ra1 46. Rd3 Ra2 47. Rxd4 Rxd2 48. Rxd2 Qa5 49. Rc2 Qb4 50.
Bf3 Qb3 51. Rc6 Kf6 52. Nc4 Qd3 53. Nxd6 Ke5 54. Nc4+ Kd4 55. Ne3 f5 56. Rxg6 f4 57.
Bxh5 fxe3 58. fxe3+ Qxe3 59. Rf6 Qe4+ 60. Bf3 Qc2+ 61. Kh3 Qc8+ 62. g4 Qc3 63. Kg3 Ke3 64. Re6+ Kd4 65. Re4+ Kc5 66. h5 Kd6 67. Rf4 Qe5 68.
Bg2 Kc5 69. h6 Qh8 70. g5 Qg8 71. Kg4 Qc8+ 72. Kh4 Qd8 73. Be4 Qg8 74. Kg4 Qc8+ 75. Bf5 Qe8 76. g6 Qe2+ 77. Kg5 Qg2+ 78. Kf6 Qxd5 79.
h7 Qd8+ 80. Kg7 Qe7+ 81. Kh6 Qf8+ 82. g7 Qf6+ 83. Kh5 Qxg7 84. Bg6 Kd6 85. Rf5 Ke6 86. Kg5 Qc3 87. Kg4 Qd4+ 88. Rf4 Qg7 89. Kh5 Qe5+ 90. Kg4 Qg7 91. Kg5 Qe5+ 92. Bf5+ Kd5 93. Kg4 Qg7+ 94. Kf3 Qc3+ 95. Kg4 Qg7+ 96. Kf3 Qc3+ 97.
Kg2 Qg7+ 98. Kh3 Qh6+ 99. Rh4 Qe3+ 100. Kh2 Qf2+ 101. Kh3 Qxf5+ 102. Kg3 Qg5+ 103. Kh3 Qf5+ 104. Kg3 Qd3+ 105. Kh2 Qc2+ 106. Kh3 Qb3+ 107. Kh2 Qb2+ 108. Kh3 Qh8 109. Kg4 Ke6 110. Kg5 Kf7 111. Kg4 Kg7 112. Kh3 Kg6 113. Kh2 Kg5 114. Rh3 Kg4 115. Rg3+ Kf4 116. Rh3 Qb2+ 117. Kg1 Qc1+ 118. Kg2 Qd2+ 119. Kg1 Qe1+ 120. Kg2 Qe4+ 121. Kg1 Qd4+ 122. Kg2 Qh8 123. Kh2 Kg4 124. Rg3+ Kf5 125. Rh3 Kf4 126. Kg2 Qg7+ 127. Kh2 Qb2+ 128. Kg1 Qc1+ 129. Kg2 Qd2+ 130. Kg1 Qe1+ 131. Kg2 Qe4+ 132. Kg1 Qd4+ 133. Kg2 Qe4+ 1/2-1/2

[Event "*** Titled Tuesday Blitz"]
[Site "Chess.com"]
[Date "2019.10.01"]
[Round "8"]
[White "mortngabriel"]
[Black "Babas"]
[Result "1-0"]
[WhiteElo "2354"]
[BlackElo "2450"]
[TimeControl "180+2"]
[EndTime "14:51:14 PDT"]
[Termination "mortngabriel won by resignation"]

1. e4 e5 2. Nf3 Nf6 3. d4 exd4 4.
e5 Ne4 5. Qxd4 d5 6. exd6 Nxd6 7. Nc3 Nc6 8. Qf4 Be7 9. Bd3 Be6 10. O-O Nb4 11. Qxb4 1-0

[Event "*** Titled Tuesday Blitz"]
[Site "Chess.com"]
[Date "2019.10.01"]
[Round "8"]
[White "Orest_Vovk"]
[Black "Saitama_Hero"]
[Result "1-0"]
[WhiteElo "2414"]
[BlackElo "2321"]
[TimeControl "180+2"]
[EndTime "14:52:29 PDT"]
[Termination "Orest_Vovk won by resignation"]

1. d4 Nf6 2. Nf3 g6 3. Bg5 Bg7 4. e3 O-O 5. Nbd2 c5 6. c3 cxd4 7. cxd4 d6 8. Bd3 Nc6 9. O-O h6 10. Bf4 e5 11. Bg3 Nh5 12. dxe5 Nxg3 13. hxg3 dxe5 14.
Ne4 Kh7 15. Bc4 Qb6 16. Qd6 f5 17. Neg5+ hxg5 18. Nxg5+ Kh8 19. Qxg6 1-0

[Event "*** Titled Tuesday Blitz"]
[Site "Chess.com"]
[Date "2019.10.01"]
[Round "8"]
[White "PNEPaul"]
[Black "boasovietica"]
[Result "0-1"]
[WhiteElo "1896"]
[BlackElo "2419"]
[TimeControl "180+2"]
[EndTime "14:53:34 PDT"]
[Termination "boasovietica won by resignation"]

1. e4 e5 2. Nf3 Nc6 3. Bc4 Bc5 4. b4 Bxb4 5. c3 Be7 6. Qb3 Na5 7. Bxf7+ Kf8 8. Qa4 Kxf7 9. Qxa5 d6 10. O-O Nf6 11.
Qd5+ Kg6 12. Qd3 h6 13. Qe2 Rf8 14. d4 Bg4 15. dxe5 Nh5 16. h3 Bxf3 17. Qxf3 Rxf3 0-1

[Event "*** Titled Tuesday Blitz"]
[Site "Chess.com"]
[Date "2019.10.01"]
[Round "8"]
[White "Shubinkirill2003"]
[Black "kasparicy"]
[Result "1-0"]
[WhiteElo "2525"]
[BlackElo "2404"]
[TimeControl "180+2"]
[EndTime "14:53:39 PDT"]
[Termination "Shubinkirill2003 won by resignation"]

1. e4 c5 2. Nf3 d6 3. Bb5+ Nc6 4. O-O Bd7 5. h3 a6 6. Bd3 Nf6 7. c3 Rc8 8. Bc2 Qc7 9. Re1 e6 10. d3 Be7 11. Nbd2 O-O 12. Nf1 b5 13. Ng3 Rfd8 14. Bf4 e5 15. Bg5 Be6 16. Qd2 d5 17. exd5 Bxd5 18.
Qe3 c4 19. dxc4 Bxc4 20. Nxe5 Nxe5 21. Qxe5 Bd6 22. Qf5 Be6 23. Qf3 Bxg3 24. Qxg3 Qxg3 25. fxg3 Rd5 26. Bxf6 gxf6 27. Bb3 Rd2 28. Rxe6 fxe6 29. Bxe6+ Kg7 30. Bxc8 Rxb2 31. Bxa6 1-0

[Event "*** Titled Tuesday Blitz"]
[Site "Chess.com"]
[Date "2019.10.01"]
[Round "8"]
[White "ecwinslow"]
[Black "akretchetov"]
[Result "0-1"]
[WhiteElo "2110"]
[BlackElo "2366"]
[TimeControl "180+2"]
[EndTime "14:53:54 PDT"]
[Termination "akretchetov won by resignation"]

1. e4 e5 2. Nf3 Nc6 3. Bb5 a6 4. Ba4 d6 5. c3 Bd7 6. d4 g6 7. Be3 Bg7 8. Qd2 Nf6 9. Bc2 O-O 10.
h3 Re8 11. d5 Ne7 12. c4 Rf8 13. Nc3 Nh5 14. g3 f5 15. exf5 gxf5 16. Ng5 Ng6 17.
g4 Nhf4 18. Ne6 Nxe6 19. gxf5 Nd4 20. Bxd4 exd4 21. fxg6 dxc3 22. gxh7+ Kh8 23. bxc3 Qe7+ 0-1

[Event "*** Titled Tuesday Blitz"]
[Site "Chess.com"]
[Date "2019.10.01"]
[Round "8"]
[White "SloLev"]
[Black "kingofthenil"]
[Result "0-1"]
[WhiteElo "2471"]
[BlackElo "2564"]
[TimeControl "180+2"]
[EndTime "14:53:59 PDT"]
[Termination "kingofthenil won by checkmate"]

1. d4 Nf6 2. Bf4 c5 3. d5 d6 4. Nc3 e5 5. dxe6 Bxe6 6. e4 Nc6 7. Qd2 d5 8. exd5 Nxd5 9. O-O-O Nxf4 10. Qxf4 Qa5 11.
Nb5 Rc8 12. a3 a6 13. Nd6+ Bxd6 14. Rxd6 Nd4 15. Nf3 O-O 16. Ng5 Qe1# 0-1

[Event "*** Titled Tuesday Blitz"]
[Site "Chess.com"]
[Date "2019.10.01"]
[Round "8"]
[White "djano"]
[Black "WPWPWP-2015"]
[Result "1-0"]
[WhiteElo "2412"]
[BlackElo "2469"]
[TimeControl "180+2"]
[EndTime "14:53:59 PDT"]
[Termination "djano won by checkmate"]

1. e4 c5 2. Nf3 d6 3. d4 cxd4 4. Nxd4 Nf6 5. Nc3 a6 6. Rg1 e5 7. Nb3 Be7 8. g4 h6 9. h4 Be6 10. g5 hxg5 11. hxg5 Nfd7 12. g6 f5 13. exf5 Bxf5 14.
Bc4 Nf6 15. Qf3 Qc8 16. Bf7+ Kd8 17. Be3 Nbd7 18. Qxf5 Qc6 19. O-O-O Rc8 20. Kb1 b5 21. Nd5 e4 22. Nd4 Qc5 23. Ne6# 1-0

[Event "*** Titled Tuesday Blitz"]
[Site "Chess.com"]
[Date "2019.10.01"]
[Round "8"]
[White "Witik"]
[Black "ENEASZ"]
[Result "1-0"]
[WhiteElo "2649"]
[BlackElo "2516"]
[TimeControl "180+2"]
[EndTime "14:54:47 PDT"]
[Termination "Witik won by resignation"]

1. e4 d6 2. d4 Nf6 3. Nc3 e5 4. Nge2 Be7 5. h3 O-O 6. g4 c6 7.
Bg2 b5 8. a3 a5 9. O-O Ba6 10.
Ng3 b4 11. Nce2 Re8 12. Be3 Bf8 13. axb4 axb4 14. Qd2 exd4 15. Bxd4 d5 16. e5 Nfd7 17. f4 f6 18. exf6 Nxf6 19. g5 Ne4 20. Bxe4 dxe4 21. Qe3 Qc8 22. f5 c5 23. f6 cxd4 24. f7+ Kh8 25.
fxe8=Q Qxe8 26. Qxe4 1-0

[Event "*** Titled Tuesday Blitz"]
[Site "Chess.com"]
[Date "2019.10.01"]
[Round "8"]
[White "Me_ch_an"]
[Black "j_coca"]
[Result "0-1"]
[WhiteElo "2343"]
[BlackElo "2125"]
[TimeControl "180+2"]
[EndTime "14:55:05 PDT"]
[Termination "j_coca won by checkmate"]

1. e4 g6 2. d4 Bg7 3. c3 d6 4.
Nf3 Nh6 5. h3 O-O 6. Be3 Kh8 7.
Qd2 Ng8 8. Be2 Nc6 9. O-O e5 10. c4 f5 11. Bg5 Qe8 12. d5 Nce7 13. exf5 gxf5 14. Nc3 Nf6 15. Rac1 a6 16. b4 Rg8 17.
Bh6 Qg6 18. Bxg7+ Qxg7 19. Nh4 Ng6 20. Nxg6+ Qxg6 21. g3 f4 22. Kg2 fxg3 23. f4 Bxh3+ 24. Kxh3 g2 25. Rf3 Qh6# 0-1

[Event "*** Titled Tuesday Blitz"]
[Site "Chess.com"]
[Date "2019.10.01"]
[Round "8"]
[White "vugarrasulov"]
[Black "Micki-taryan"]
[Result "1-0"]
[WhiteElo "2899"]
[BlackElo "2964"]
[TimeControl "180+2"]
[EndTime "14:55:15 PDT"]
[Termination "vugarrasulov won by resignation"]

1. d4 Nf6 2. c4 e6 3. Nf3 d5 4. Nc3 Be7 5. Bg5 h6 6. Bh4 O-O 7. e3 Ne4 8. Bxe7 Qxe7 9. Rc1 Nxc3 10. Rxc3 c6 11. Bd3 Nd7 12. O-O dxc4 13. Rxc4 e5 14. dxe5 Nxe5 15. Re4 Nxf3+ 16. Qxf3 Qg5 17. Bc4 Bd7 18.
h4 Qc5 19. b4 Qd6 20. Rd1 Qc7 21. Re7 Rad8 22. Rxf7 Rxf7 23. Qxf7+ Kh7 24. Bd3+ Kh8 25. Bf5 1-0

[Event "*** Titled Tuesday Blitz"]
[Site "Chess.com"]
[Date "2019.10.01"]
[Round "8"]
[White "ExploringChess"]
[Black "kuli4ik"]
[Result "1-0"]
[WhiteElo "2934"]
[BlackElo "2789"]
[TimeControl "180+2"]
[EndTime "14:55:44 PDT"]
[Termination "ExploringChess won by resignation"]

1. e4 e6 2. d3 d5 3. Nd2 c5 4.
Ngf3 Nc6 5. g3 Nf6 6. Bg2 g6 7. O-O Bg7 8. Re1 O-O 9. c3 a5 10. exd5 exd5 11. Nb3 b6 12. a4 Ra7 13. d4 c4 14. Nbd2 Re8 15. Rxe8+ Qxe8 16. b3 cxb3 17. Qxb3 Qd8 18. Ba3 Ne4 19. Nxe4 dxe4 20. Nd2 Be6 21. Qb5 Nxd4 22. cxd4 e3 23. fxe3 Bxd4 24.
Qd3 Rd7 25. exd4 Rxd4 26. Qc3 Rxd2 27. Bb2 Rd1+ 28. Bf1 Kf8 29. Qg7+ Ke8 30. Qh8+ Ke7 31. Bf6+ 1-0

[Event "*** Titled Tuesday Blitz"]
[Site "Chess.com"]
[Date "2019.10.01"]
[Round "8"]
[White "JussupowFan"]
[Black "ChessBitl"]
[Result "1-0"]
[WhiteElo "2207"]
[BlackElo "2289"]
[TimeControl "180+2"]
[EndTime "14:56:02 PDT"]
[Termination "JussupowFan won by resignation"]

1. e4 c5 2. Nf3 Nc6 3. d4 cxd4 4. Nxd4 g6 5. c4 Nf6 6. Nc3 d6 7. Be2 Nxd4 8. Qxd4 Bg7 9. Be3 O-O 10. Qd2 Be6 11. O-O Qa5 12. Rad1 Rfc8 13. b3 a6 14. Bd4 Nd7 15. f4 Bxd4+ 16. Qxd4 Qc5 17. f5 Qxd4+ 18. Rxd4 b5 19. fxe6 fxe6 20. Bg4 Nf8 21. e5 dxe5 22. Re4 Rc5 23. Rfe1 Rac8 24. Rxe5 bxc4 25. b4 Rxe5 26. Rxe5 Kf7 27. Re4 Rc6 28. a4 Nd7 29. b5 axb5 30. axb5 Rb6 31. Rxc4 Nf6 32. Bf3 e5 33. Rc6 Rb8 34.
b6 Ke8 35. b7 Kd7 36. Ra6 e4 37.
Nxe4 Nxe4 38. Bxe4 Kc7 39. Ra8 e5 40. Rxb8 Kxb8 41. Kf2 1-0

[Event "*** Titled Tuesday Blitz"]
[Site "Chess.com"]
[Date "2019.10.01"]
[Round "8"]
[White "13MiRacLe"]
[Black "Supernotar"]
[Result "1-0"]
[WhiteElo "2505"]
[BlackElo "2700"]
[TimeControl "180+2"]
[EndTime "14:56:07 PDT"]
[Termination "13MiRacLe won by checkmate"]

1. e4 c6 2. d4 d5 3. Nc3 dxe4 4. Nxe4 Bf5 5. Ng3 Bg6 6. c3 e6 7. h4 h6 8. Nh3 Nf6 9. Nf4 Bh7 10. Nfh5 Nbd7 11. Bc4 Nxh5 12. Nxh5 Nf6 13. O-O Nxh5 14. Qxh5 Bg6 15. Qg4 Bf5 16. Qg3 Qf6 17. Re1 Be7 18.
Qc7 O-O 19. Qxb7 Qxh4 20. g3 Qh5 21. Qxe7 Qf3 22. Qh4 c5 23. Bf1 cxd4 24. Bg2 Qd3 25. Qxd4 Qa6 26. Bxa8 Rxa8 27. Bf4 Qb7 28. b3 Rc8 29. c4 Bg4 30. Bxh6 Bh3 31. Qxg7# 1-0

[Event "*** Titled Tuesday Blitz"]
[Site "Chess.com"]
[Date "2019.10.01"]
[Round "8"]
[White "Msb2"]
[Black "Rsnr"]
[Result "1-0"]
[WhiteElo "2895"]
[BlackElo "2763"]
[TimeControl "180+2"]
[EndTime "14:56:09 PDT"]
[Termination "Msb2 won by resignation"]

1. d4 d5 2. c4 c6 3. Nc3 Nf6 4. e3 Bf5 5. cxd5 cxd5 6. Qb3 Nc6 7. Qxb7 Bd7 8. Qb3 Rb8 9. Qd1 e5 10. Nf3 Bd6 11. dxe5 Nxe5 12. Nd4 O-O 13. Be2 Qe7 14.
O-O Rfc8 15. a4 Bb4 16. Bd2 Bxc3 17. Bxc3 Ne4 18. Nf3 Nxc3 19. bxc3 Qd6 20. Nxe5 Qxe5 21. Qd4 f6 22. Bf3 Be6 23. Qxa7 Rxc3 24. a5 Rc4 25. Rfd1 h5 26. a6 h4 27. h3 Kh7 28. Rd4 Rxd4 29.
Qxd4 Qc7 30. Qxh4+ Kg8 31. Qd4 1-0

[Event "*** Titled Tuesday Blitz"]
[Site "Chess.com"]
[Date "2019.10.01"]
[Round "8"]
[White "Bryakin_Mikhail"]
[Black "Alexander_Moskalenko"]
[Result "0-1"]
[WhiteElo "2750"]
[BlackElo "2886"]
[TimeControl "180+2"]
[EndTime "14:56:10 PDT"]
[Termination "Alexander_Moskalenko won by resignation"]

1. d4 d5 2. Nf3 Bf5 3. Bf4 e6 4. e3 Bd6 5. Bxd6 cxd6 6. Bd3 Bg6 7. O-O Ne7 8. Qe2 Nbc6 9. Nbd2 Rc8 10. c3 Bh5 11. e4 dxe4 12. Nxe4 O-O 13. Ng3 Bg6 14.
Bxg6 hxg6 15. Rfe1 d5 16. Ne5 Nxe5 17. Qxe5 b5 18.
a3 a5 19. h4 b4 20. axb4 axb4 21. Re3 Qc7 22. Qg5 bxc3 23. bxc3 f6 24. Qg4 f5 25. Qg5 f4 26. Rxe6 fxg3 27. Rxe7 gxf2+ 28. Kf1 Qc4+ 29. Re2 Rce8 30. Qd2 Rxe2 31. Qxe2 Qxc3 32. Rd1 Qg3 33. Qe6+ Kh7 34. h5 gxh5 35. Qxd5 Qh4 36. g3 Qh3+ 37. Qg2 Qe6 38. Qh1 Qc4+ 39. Kg2 Qd5+ 0-1

[Event "*** Titled Tuesday Blitz"]
[Site "Chess.com"]
[Date "2019.10.01"]
[Round "8"]
[White "Godzillator"]
[Black "Casablanca"]
[Result "1-0"]
[WhiteElo "2377"]
[BlackElo "2189"]
[TimeControl "180+2"]
[EndTime "14:56:15 PDT"]
[Termination "Godzillator won by resignation"]

1. d4 e6 2. c4 Bb4+ 3. Nc3 c5 4.
d5 e5 5. Qc2 d6 6. a3 Bxc3+ 7.
Qxc3 f5 8. e4 f4 9. g3 g5 10.
gxf4 gxf4 11. Bh3 Bxh3 12. Qxh3 Qd7 13. b4 b6 14. bxc5 bxc5 15. Rb1 Nf6 16. Qxd7+ Nbxd7 17. f3 Ke7 18. Nh3 Rab8 19. Rxb8 Rxb8 20. Ng5 Nb6 21. Rg1 Nxc4 22. Nxh7 Nxh7 23. Rg7+ Kf6 24. Rxh7 Rb1 25.
Kd1 Nxa3 26. Rxa7 Nb5 27. Rh7 Nd4 28. h4 Nxf3 29. Rd7 Nxh4 30. Rxd6+ Kg5 31. Re6 Nf3 32. d6 Rb8 33. Ba3 c4 34. d7 Rd8 35. Be7+ Kg4 36. Bxd8 c3 1-0

[Event "*** Titled Tuesday Blitz"]
[Site "Chess.com"]
[Date "2019.10.01"]
[Round "8"]
[White "politeplayer"]
[Black "Sjakkerntobi"]
[Result "0-1"]
[WhiteElo "2170"]
[BlackElo "2049"]
[TimeControl "180+2"]
[EndTime "14:56:23 PDT"]
[Termination "Sjakkerntobi won by resignation"]

1. e4 Nc6 2. Nf3 e6 3. d4 d5 4. exd5 exd5 5. c3 Bd6 6. Bd3 Nge7 7. O-O Bg4 8. Re1 Qd7 9. b4 O-O 10. Nbd2 Ng6 11. Nf1 Rae8 12. Rxe8 Rxe8 13. Bxg6 hxg6 14. Ne3 Be6 15. c4 Bxb4 16. Bb2 Be7 17. Qa4 Nxd4 18. Qxd7 Nxf3+ 19. gxf3 Bxd7 20. Nxd5 Bd6 21. c5 Bxc5 22. Nxc7 Re2 23. Rd1 Bh3 24. Be5 Rxf2 0-1

[Event "*** Titled Tuesday Blitz"]
[Site "Chess.com"]
[Date "2019.10.01"]
[Round "8"]
[White "kacprekt"]
[Black "Karacsonyi_Gellert"]
[Result "1-0"]
[WhiteElo "2428"]
[BlackElo "2520"]
[TimeControl "180+2"]
[EndTime "14:56:35 PDT"]
[Termination "kacprekt won by resignation"]

1. d4 Nf6 2. c4 e6 3. Nc3 Bb4 4. Bf4 d5 5. Qa4+ Nc6 6. a3 Bxc3+ 7. bxc3 dxc4 8. Qxc4 O-O 9. Nf3 Nd5 10. Bg5 Qd6 11. e4 Nb6 12. Qb3 h6 13. Bh4 Na5 14. Qb4 Qxb4 15.
axb4 Nac4 16. Nd2 Nxd2 17. Kxd2 Bd7 18. c4 f5 19. c5 Nc8 20. f3 g5 21. Bg3 f4 22. Bf2 Ne7 23. Bc4 b5 24. Bb3 a6 25.
Kc3 c6 26. Ra5 Ra7 27. Rha1 Rfa8 28. h4 Kf7 29. hxg5 hxg5 30. g3 Ng6 31. d5 Ne5 32. gxf4 gxf4 33. Bd4 Nxf3 34. Rf1 Nxd4 35. Kxd4 exd5 36.
Rxf4+ Ke7 37. exd5 cxd5 38. Bxd5 Rf8 39. Rxf8 Kxf8 40.
c6 Bc8 41. Kc5 Ke7 42. Kb6 Kd6 43. Kxa7 Kxd5 44. Kb8 1-0

[Event "*** Titled Tuesday Blitz"]
[Site "Chess.com"]
[Date "2019.10.01"]
[Round "8"]
[White "Natalya_Buksa"]
[Black "TST2014"]
[Result "1-0"]
[WhiteElo "2464"]
[BlackElo "2548"]
[TimeControl "180+2"]
[EndTime "14:56:47 PDT"]
[Termination "Natalya_Buksa won by resignation"]

1. e4 c5 2. Nf3 Nc6 3. d4 cxd4 4. Nxd4 Nf6 5. Nc3 d6 6. Bg5 e6 7. Qd2 a6 8. O-O-O Bd7 9. f4 h6 10. Bxf6 Qxf6 11. Nb3 Qd8 12. g3 Qc7 13. Bg2 Be7 14. Rhe1 O-O 15. e5 Nxe5 16. fxe5 Bg5 17. Re3 dxe5 18.
Qxd7 Bxe3+ 19. Kb1 Qxd7 20. Rxd7 Rad8 21. Rxb7 f5 22. a4 f4 23. gxf4 exf4 24. Bf3 Rf5 25. Ne4 Rfd5 26. Re7 e5 27. h4 Kf8 28. Re6 Kf7 29.
Rxa6 Rd1+ 30. Bxd1 Rxd1+ 31. Ka2 f3 32. Ra5 Ke6 33. Nbc5+ Bxc5 34. Rxc5 Kf5 35. Rc4 Re1 36. Ng3+ Ke6 37. a5 Kd5 38. a6 Kxc4 39. a7 Rg1 40. a8=Q Rxg3 41. Qe4+ Kc5 42. Qxe5+ Kc4 43. Qxg3 1-0

[Event "*** Titled Tuesday Blitz"]
[Site "Chess.com"]
[Date "2019.10.01"]
[Round "8"]
[White "Nbk90"]
[Black "Aggressus"]
[Result "1-0"]
[WhiteElo "2480"]
[BlackElo "2369"]
[TimeControl "180+2"]
[EndTime "14:56:47 PDT"]
[Termination "Nbk90 won on time"]

1. e4 c5 2. Nf3 Nc6 3. Bb5 Nf6 4. e5 Nd5 5. O-O Nc7 6. Bxc6 dxc6 7. d3 g6 8. Re1 Bg7 9. h3 Ne6 10. Nc3 O-O 11.
Ne4 b6 12. Be3 Nd4 13. Nxd4 cxd4 14. Bf4 Qd5 15. c4 dxc3 16. Nxc3 Qd4 17. Qd2 Rd8 18.
Rad1 c5 19. Bh6 Bxe5 20. Re4 Qd6 21. Nb5 Qb8 22. Rxe5 Qxe5 23. Re1 Qf5 24. Rxe7 Qf6 25. Bg5 Qd6 26. Nxd6 1-0

[Event "*** Titled Tuesday Blitz"]
[Site "Chess.com"]
[Date "2019.10.01"]
[Round "8"]
[White "Jumbo"]
[Black "GHANDEEVAM2003"]
[Result "0-1"]
[WhiteElo "2790"]
[BlackElo "2979"]
[TimeControl "180+2"]
[EndTime "14:56:50 PDT"]
[Termination "GHANDEEVAM2003 won by resignation"]

1. d4 e6 2. Nf3 Nf6 3. c4 d5 4. g3 dxc4 5. Bg2 Bd7 6. Ne5 Bc6 7.
Nxc6 Nxc6 8. e3 Qd7 9. O-O h5 10. Nd2 Na5 11. Qe2 Nd5 12. Nxc4 Nxc4 13. Qxc4 f5 14. Bd2 h4 15. Rfc1 O-O-O 16. b4 hxg3 17. hxg3 g5 18. a4 f4 19. a5 fxg3 20. fxg3 Qh7 21.
a6 Qh2+ 22. Kf1 Bd6 23. axb7+ Kb8 24. Rxa7 Rdf8+ 25. Ke2 Qxg2+ 26. Kd3 Nf4+ 27. gxf4 Kxa7 28. Ra1+ Kxb7 29. Qb5+ Kc8 30. Ra7 Qf1+ 0-1

[Event "*** Titled Tuesday Blitz"]
[Site "Chess.com"]
[Date "2019.10.01"]
[Round "8"]
[White "morphinho22"]
[Black "Svet99"]
[Result "1-0"]
[WhiteElo "2356"]
[BlackElo "2176"]
[TimeControl "180+2"]
[EndTime "14:56:52 PDT"]
[Termination "morphinho22 won by resignation"]

1. Nf3 d5 2. e3 Nf6 3. c4 Bg4 4.
cxd5 Nxd5 5. Qb3 Nb6 6. Nc3 N8d7 7. d4 Bxf3 8. gxf3 g6 9. a4 a5 10. h4 h5 11. f4 e6 12. Bg2 c6 13. Bd2 Be7 14.
Ne4 Nf6 15. Ng5 Nfd5 16. O-O O-O 17. Rfd1 Bf6 18. Rac1 Ne7 19. Rc5 Nf5 20. Bxa5 Rxa5 21. Rxa5 Nxh4 22. Ne4 Be7 23. Ra7 Qc7 24. a5 Nc8 25.
Qxb7 Qd8 26. Ra8 Nxg2 27. Kxg2 Qd5 28. f3 Nd6 29. Nxd6 Qxd6 30. Rxf8+ Bxf8 31. Rc1 c5 32. Rxc5 h4 33. Rc8 g5 34. Qb8 Qe7 35. Rxf8+ Qxf8 36. Qxf8+ Kxf8 37. fxg5 1-0

[Event "*** Titled Tuesday Blitz"]
[Site "Chess.com"]
[Date "2019.10.01"]
[Round "8"]
[White "AntonSmirnov"]
[Black "ChessLover0108"]
[Result "1-0"]
[WhiteElo "2919"]
[BlackElo "2755"]
[TimeControl "180+2"]
[EndTime "14:56:54 PDT"]
[Termination "AntonSmirnov won by resignation"]

1. e4 c5 2. Nf3 d6 3. d4 cxd4 4. Nxd4 Nf6 5. Nc3 a6 6. Be3 e5 7. Nde2 Be7 8. Ng3 Be6 9. Be2 Nc6 10. O-O O-O 11. Nd5 Rc8 12. c4 Bxd5 13. exd5 Nd4 14. Bxd4 exd4 15. Qxd4 Nd7 16. Nh5 Nf6 17. Ng3 Nd7 18.
Ne4 Nc5 19. Nxc5 Rxc5 20. Rae1 Bf6 21. Qd2 a5 22. Bd3 g6 23. g3 Qb6 24. b3 Kg7 25. h4 h5 26. Kg2 a4 27. Bc2 axb3 28. axb3 Ra8 29. Re2 Ra2 30. Rfe1 Rc7 31. Qf4 Rd7 32.
g4 hxg4 33. h5 Qd4 34. Be4 Qe5 35. Qxe5 Bxe5 36. Rxa2 1-0